Construct Section Command Post
Selects Indian Artillery Battlegroup
Construct Platoon Command Post
Construct Field Infirmary
Unlock M3 Stuart Light Tanks
Selects Gurkha Rifles Section
Selects Volunteer Infantry
Construct Company Command Post
Construct Company Command Post
Selects Artillery Saturation
Selects Off-map Airburst Barrage
6-pounder Anti-tank Gun Team
Selects Perimeter Monitor
Unlock M3 Grant Medium Tanks